 Dungeon Crawl Stone Soup version 0.31-a0-175-g9f7f995f2b (webtiles) character file.

Game seed: 12372058023033109124

3100 qw the Skirmisher (level 9, -7/58 HPs)
             Began as a Gargoyle Hunter on June 16, 2023.
             Was an Initiate of Okawaru.
             Mangled by an orc warrior
             ... wielding a +0 glaive
              (10 damage)
             ... on level 9 of the Dungeon.
             The game lasted 00:03:30 (6849 turns).

qw the Skirmisher (Gargoyle Hunter)                 Turns: 6849, Time: 00:03:31

Health: -7/58      AC: 25    Str: 14    XL:     9   Next: 90%
Magic:  9/9        EV: 17    Int: 11    God:    Okawaru [......]
Gold:   475        SH:  0    Dex: 17    Spells: 8/8 levels left

rFire   . . .        b - +0 orcbow
rCold   . . .        (shield currently unavailable)
rNeg    + . .        o - +0 acid dragon scales
rPois   inf          q - +2 helmet
rElec   +            u - +0 cloak
rCorr   +            c - +1 pair of gloves
SInv    .            n - +0 pair of boots
Will    .....        (no amulet)
Stlth   ++           g - +5 ring of evasion
HPRegen 0.29/turn    h - +4 ring of protection
MPRegen 0.11/turn

%: no passive effects
@: about to teleport
A: sickness immunity, AC +6, negative energy resistance 1, electricity
resistance, torment resistance 1, petrification resistance
a: Renounce Religion


You were on level 9 of the Dungeon.
You worshipped Okawaru.
Okawaru was noncommittal.
You visited 2 branches of the dungeon, and saw 10 of its levels.

You collected 559 gold pieces.
You spent 84 gold pieces at shops.


Innate Abilities, Weirdness & Mutations

You are immune to sickness and miasma.
Your stone body is resilient. (AC +6)
You are immune to poison.
You resist negative energy. (rN+)
You are resistant to electric shocks. (rElec)
You are resistant to unholy torment.
You are immune to petrification.


   Skills:
 + Level 7.7 Fighting
 - Level 11.0 Ranged Weapons
 - Level 4.7 Armour
 - Level 3.1 Dodging
 - Level 1.1 Stealth


You had 8 spell levels left.
You didn't know any spells.
Your spell library was empty.

Inventory:

Hand Weapons
 b - a +0 orcbow (weapon)
Armour
 c - a +1 pair of gloves (worn)
 n - a +0 pair of boots (worn)
 o - +0 acid dragon scales (worn)
 q - a +2 helmet (worn)
 u - a +0 cloak (worn)
 v - +0 steam dragon scales
Jewellery
 g - a +5 ring of evasion (left hand)
 h - a +4 ring of protection (right hand)
 k - a ring of protection from cold
Wands
 s - a wand of digging (2)
Scrolls
 r - a scroll of identify
Potions
 d - a potion of resistance
 e - a potion of heal wounds
 f - 3 potions of haste
 i - a potion of might
 l - a potion of attraction
 m - a potion of lignification
 t - a potion of cancellation {unknown}

Dungeon Overview and Level Annotations

Branches:
Dungeon (9/15)             Temple (1/1) D:6
   Lair: D:8-11         Orc: D:9-12

Altars:
Ashenzari
Cheibriados
Dithmenos
Elyvilon
Fedhas
Gozag
Kikubaaqudgha
Makhleb
Nemelex Xobeh
Okawaru
Qazlal
Ru
Sif Muna
Vehumet
Wu Jian
Xom
Yredelemnul
Zin
Lugonu

Shops:
D:2 [   D:8 :

Annotations:
D:5 1 runed translucent door, Crazy Yiuf


Message History

The orc warrior closely misses you. The orc hits you with a +0 short sword.
Something hits you but does no damage.
You shoot an arrow.
The arrow closely misses the orc warrior.
The orc priest hits you but does no damage.
The orc wizard mumbles some strange words.
The orc wizard flickers and vanishes!
You hear some strange, mumbled words.
A magic dart appears from out of thin air!
The magic dart hits you but does no damage.
The orc warrior hits you but does no damage.
The orc warrior hits you from afar with a +0 glaive.
The orc hits you but does no damage.
You shoot an arrow. The arrow hits the orc warrior.
The orc warrior is moderately wounded.
The orc priest calls down the wrath of Beogh upon you.
Beogh smites you! Something hits you but does no damage.
Something barely misses you. The orc hits you but does no damage.
The orc warrior hits you but does no damage.
The orc warrior barely misses you. The orc hits you but does no damage.
You shoot an arrow.
The arrow barely misses the orc warrior.
The orc priest miscasts a cantrip.
Something hits you but does no damage.
The orc warrior hits you from afar with a +0 glaive!
Something hits you but does no damage.
The orc priest looks satisfied for a moment.
The orc hits you but does no damage.
The orc warrior hits you with a +0 war axe.
The orc misses you.
6849 ||| READING scroll of teleportation.
As you read the scroll of teleportation, it crumbles to dust.
You feel strangely unstable.
An orc wizard appears from thin air!
Reactivating autopickup.
The orc priest barely misses you. Something hits you.
Deactivating autopickup; reactivate with Ctrl-A.
The orc wizard misses you. The orc hits you but does no damage.
The orc warrior hits you from afar with a +0 glaive!
You die...

#..#..#.#. ....o
#..#..# # ....
#..#..# .)..
#.%####.#
...########.......#
#.o......##.######
#.o......)..#
#ooo.....####
#{@)o....#
#.oo.....+
#.....)..#
#........#
#........#
#........#
#........#
#........#
#####...##


You could see 2 orc warriors, 2 orc priests, 2 orc wizards and 2 orcs.

Vanquished Creatures
  Maggie (D:7)
  2 steam dragons (D:8)
  Menkaure (D:6)
  An acid dragon (D:8)
  A water moccasin (D:7)
  An orc warrior (D:7)
  An ice beast (D:4)
  A sky beast (D:8)
  A black bear (D:6)
  A centaur (D:9)
  2 ogres
  A phantom (D:7)
  Blork the orc (D:5)
  A bullfrog (D:7)
  2 scorpions
  4 necrophages (D:4)
  3 howler monkeys
  5 jellies
  7 orc priests
  A gnoll bouda (D:5)
  3 hounds
  3 iguanas
  A sleepcap (D:4)
  3 orc wizards (D:7)
  A hound zombie (D:4)
  8 gnolls
  7 adders
  A shadow imp (D:6)
  A white imp (D:7)
  An ufetubus (D:5)
  An adder zombie (D:4)
  5 worms
  2 dart slugs
  16 orcs
  19 endoplasms
  4 giant cockroaches
  9 goblins
  3 hobgoblins
  12 jackals
  16 kobolds
  A quokka (D:1)
  10 ball pythons
  6 bats
  9 frilled lizards
  A jackal zombie (D:4)
  6 rats
187 creatures vanquished.

Notes
Turn   | Place    | Note
-------+----------+-------------------------------------------
     0 | D:1      | qw the Gargoyle Hunter began the quest for the Orb.
     0 | D:1      | Reached XP level 1. HP: 12/12 MP: 1/1
     0 | D:1      | 0 ||| qw: Version: 0.2-a-29-g511e9b1
     0 | D:1      | 0 ||| qw: Game counter: 5910
     0 | D:1      | 0 ||| qw: Always use a shield: true
     0 | D:1      | 0 ||| qw: God list: Okawaru
     0 | D:1      | 0 ||| qw: Allow faded altars: false
     0 | D:1      | 0 ||| qw: Do Orc after D:15 true
     0 | D:1      | 0 ||| qw: Do second Lair branch before Depths: true
     0 | D:1      | 0 ||| qw: Lair rune preference: random
     0 | D:1      | 0 ||| qw: Plans: Normal, Zot:1-4, Slime:5, God:TSO, Crypt,
                  | Tomb, Abyss, Pan, Hells, Win
     0 | D:1      | 0 ||| PLANNING D:1-11
    66 | D:1      | Reached XP level 2. HP: 15/17 MP: 2/2
   344 | D:1      | 344 ||| Stepping ~*~*~tactically~*~*~ (outnumbered).
   353 | D:1      | Reached XP level 3. HP: 21/21 MP: 3/3
   369 | D:1      | Reached skill level 5 in Ranged Weapons
   601 | D:1      | 601 ||| UPGRADING to +5 ring of evasion.
   602 | D:1      | 602 ||| READING scroll labelled TADEME XUNKOL.
   603 | D:1      | 603 ||| DROPPING scroll of butterflies.
   616 | D:2      | Found a white marble altar of Elyvilon.
   719 | D:2      | Found Wolegat's Antique Armour Boutique.
   730 | D:2      | Reached skill level 3 in Fighting
   735 | D:2      | 735 ||| SHOPLISTING jasper-encrusted quicksilver dragon
                  | scales (1365 gold, have 102).
   735 | D:2      | 735 ||| BUYING ring mail (84 gold).
   735 | D:2      | Bought a ring mail for 84 gold pieces
   735 | D:2      | 735 ||| SHOPLISTING silken robe (119 gold, have 18).
   741 | D:2      | Reached XP level 4. HP: 28/28 MP: 4/4
  1350 | D:2      | 1350 ||| UPGRADING to +0 ring mail.
  1360 | D:2      | 1360 ||| DROPPING +0 leather armour.
  1361 | D:2      | 1361 ||| UPGRADING to ring of protection from cold.
  1362 | D:2      | 1362 ||| READING scroll labelled IGYROARPHO.
  1365 | D:2      | 1365 ||| READING 2 scrolls labelled KOBINY SE WAU.
  1366 | D:2      | 1366 ||| DROPPING scroll of vulnerability.
  1434 | D:3      | Found an ornate altar of the Wu Jian Council.
  1587 | D:3      | Reached skill level 1 in Armour
  1754 | D:3      | Found a shimmering blue altar of Sif Muna.
  1776 | D:3      | Reached XP level 5. HP: 32/32 MP: 5/5
  2060 | D:3      | Reached skill level 6 in Ranged Weapons
  2070 | D:3      | Reached XP level 6. HP: 13/38 MP: 6/6
  2342 | D:3      | 2342 ||| UPGRADING to +1 pair of gloves.
  2347 | D:3      | 2347 ||| READING scroll labelled TUSUOPR XOHAO.
  2348 | D:3      | 2348 ||| READING 3 scrolls labelled YFURAOVACWIA.
  2349 | D:3      | 2349 ||| DRINKING 2 sedimented yellow potions.
  2350 | D:3      | 2350 ||| DROPPING potion of degeneration.
  2351 | D:3      | 2351 ||| DROPPING 2 scrolls of poison.
  2447 | D:4      | 2447 ||| FLEEEEING.
  2448 | D:4      | 2448 ||| FLEEEEING.
  2449 | D:4      | 2449 ||| FLEEEEING.
  2450 | D:4      | 2450 ||| STAIRDANCE
  2509 | D:4      | 2509 ||| STAIRDANCE
  2516 | D:3      | HP: 4/38 [gnoll/+0 flail (7)]
  2664 | D:4      | Found a radiant altar of Vehumet.
  2669 | D:4      | Found an opulent altar of Gozag.
  2962 | D:4      | Reached skill level 7 in Ranged Weapons
  3096 | D:4      | Found a blossoming altar of Fedhas.
  3228 | D:4      | Noticed an ice beast
  3242 | D:4      | Killed an ice beast
  3243 | D:4      | Reached XP level 7. HP: 25/43 MP: 7/7
  3739 | D:4      | Reached skill level 8 in Ranged Weapons
  3748 | D:4      | 3748 ||| UPGRADING to +4 ring of protection.
  3750 | D:4      | 3750 ||| DRINKING 2 golden potions.
  3765 | D:5      | Entered Level 5 of the Dungeon
  3897 | D:5      | Found a runed translucent door.
  3898 | D:5      | Noticed Crazy Yiuf
  3933 | D:5      | Reached XP level 8. HP: 49/49 MP: 8/8
  4051 | D:5      | Noticed Blork the orc
  4072 | D:5      | Killed Blork the orc
  4086 | D:5      | Reached skill level 9 in Ranged Weapons
  4091 | D:5      | 4091 ||| FLEEEEING.
  4092 | D:5      | 4092 ||| FLEEEEING.
  4095 | D:5      | 4095 ||| FLEEEEING.
  4096 | D:5      | 4096 ||| FLEEEEING.
  4100 | D:5      | 4100 ||| FLEEEEING.
  4101 | D:5      | 4101 ||| FLEEEEING.
  4102 | D:5      | 4102 ||| FLEEEEING.
  4103 | D:5      | 4103 ||| FLEEEEING.
  4104 | D:5      | 4104 ||| FLEEEEING.
  4109 | D:5      | 4109 ||| FLEEEEING.
  4113 | D:5      | 4113 ||| FLEEEEING.
  4427 | D:5      | 4427 ||| UPGRADING to +0 helmet.
  4432 | D:5      | 4432 ||| READING scroll labelled DOICSA QOAFO.
  4433 | D:5      | 4433 ||| READING scroll labelled BAGYIPR ODIUN.
  4476 | D:6      | Reached skill level 6 in Fighting
  4480 | D:6      | Found a sacrificial altar of Ru.
  4531 | D:6      | Found a staircase to the Ecumenical Temple.
  4532 | D:6      | 4532 ||| PLANNING TEMPLE
  4558 | Temple   | Entered the Ecumenical Temple
  4590 | Temple   | 4590 ||| PLANNING D:1-11
  4636 | D:6      | Noticed Menkaure
  4639 | D:6      | Killed Menkaure
  4855 | D:6      | Found a broken altar of Ashenzari.
  4868 | D:6      | Reached skill level 10 in Ranged Weapons
  5166 | D:6      | 5166 ||| UPGRADING to +0 pair of boots.
  5171 | D:6      | 5171 ||| UPGRADING to +2 helmet.
  5181 | D:6      | 5181 ||| DROPPING +0 helmet.
  5182 | D:6      | 5182 ||| READING scroll labelled EKLAQA CAAFUMI.
  5245 | D:7      | Noticed Maggie
  5248 | D:7      | 5248 ||| FLEEEEING.
  5252 | D:7      | 5252 ||| FLEEEEING.
  5281 | D:7      | Killed Maggie
  5282 | D:7      | Reached XP level 9. HP: 41/55 MP: 9/9
  5367 | D:7      | 5367 ||| FLEEEEING.
  5368 | D:7      | 5368 ||| FLEEEEING.
  5369 | D:7      | 5369 ||| FLEEEEING.
  5370 | D:7      | 5370 ||| FLEEEEING.
  5371 | D:7      | 5371 ||| FLEEEEING.
  5408 | D:7      | Found an iron altar of Okawaru.
  5409 | D:7      | 5409 ||| PLANNING OKAWARU WORSHIP
  5409 | D:7      | 5409 ||| UPGRADING to +0 acid dragon scales.
  5419 | D:7      | 5419 ||| DROPPING +0 ring mail.
  5428 | D:7      | Became a worshipper of Warmaster Okawaru
  5429 | D:7      | 5429 ||| PLANNING D:1-11
  5680 | D:7      | Reached skill level 3 in Dodging
  6077 | D:7      | 6077 ||| UPGRADING to +0 cloak.
  6082 | D:7      | 6082 ||| READING scroll labelled KUEPLUNLUN.
  6083 | D:7      | 6083 ||| READING 5 scrolls of identify.
  6083 | D:7      | 6083 ||| IDENTIFYING grey potion
  6084 | D:7      | 6084 ||| READING 4 scrolls of identify.
  6084 | D:7      | 6084 ||| IDENTIFYING red potion
  6085 | D:7      | 6085 ||| READING 3 scrolls of identify.
  6085 | D:7      | 6085 ||| IDENTIFYING dark potion
  6086 | D:7      | 6086 ||| READING 2 scrolls of identify.
  6086 | D:7      | 6086 ||| IDENTIFYING blue potion
  6317 | D:8      | 6317 ||| Stepping ~*~*~tactically~*~*~ (cloud).
  6318 | D:8      | 6318 ||| FLEEEEING.
  6320 | D:8      | 6320 ||| FLEEEEING.
  6321 | D:8      | 6321 ||| FLEEEEING.
  6325 | D:8      | 6325 ||| FLEEEEING.
  6326 | D:8      | 6326 ||| FLEEEEING.
  6327 | D:8      | 6327 ||| FLEEEEING.
  6328 | D:8      | 6328 ||| FLEEEEING.
  6329 | D:8      | 6329 ||| FLEEEEING.
  6330 | D:8      | 6330 ||| FLEEEEING.
  6331 | D:8      | 6331 ||| FLEEEEING.
  6332 | D:8      | 6332 ||| FLEEEEING.
  6333 | D:8      | 6333 ||| FLEEEEING.
  6334 | D:8      | 6334 ||| FLEEEEING.
  6344 | D:8      | 6344 ||| Stepping ~*~*~tactically~*~*~ (cloud).
  6345 | D:8      | 6345 ||| Stepping ~*~*~tactically~*~*~ (cloud).
  6467 | D:8      | Found Urghumac's Book Emporium.
  6496 | D:8      | Found a sparkling altar of Nemelex Xobeh.
  6509 | D:8      | 6509 ||| Stepping ~*~*~tactically~*~*~ (outnumbered).
  6512 | D:8      | 6512 ||| Stepping ~*~*~tactically~*~*~ (outnumbered).
  6515 | D:8      | 6515 ||| READING scroll labelled CIEHUE WADGHAUMU.
  6525 | D:8      | Reached * piety under Okawaru
  6526 | D:8      | Reached skill level 11 in Ranged Weapons
  6527 | D:8      | 6527 ||| INVOKING Heroism.
  6596 | D:8      | Found a stormy altar of Qazlal.
  6768 | D:8      | 6768 ||| READING 4 scrolls of identify.
  6768 | D:8      | 6768 ||| IDENTIFYING coppery potion
  6769 | D:8      | 6769 ||| READING 3 scrolls of identify.
  6769 | D:8      | 6769 ||| IDENTIFYING orange potion
  6770 | D:8      | 6770 ||| READING 2 scrolls of identify.
  6770 | D:8      | 6770 ||| IDENTIFYING glowing yellow potion
  6771 | D:8      | 6771 ||| DROPPING potion of enlightenment.
  6810 | D:9      | 6810 ||| UPGRADING to +0 orcbow.
  6811 | D:9      | 6811 ||| DROPPING +1 shortbow.
  6830 | D:9      | 6830 ||| Stepping ~*~*~tactically~*~*~ (outnumbered).
  6835 | D:9      | 6835 ||| DRINKING 2 potions of curing.
  6835 | D:9      | 6835 ||| (to cure confusion)
  6838 | D:9      | 6838 ||| DRINKING potion of curing.
  6838 | D:9      | 6838 ||| (to cure confusion)
  6848 | D:9      | HP: 11/58 [orc warrior/+0 glaive (14)]
  6848 | D:9      | HP: 5/58 [orc warrior/+0 war axe (6)]
  6849 | D:9      | 6849 ||| READING scroll of teleportation.
  6849 | D:9      | Mangled by an orc warrior

Levels and vault maps discovered:
D:1:      minmay_arrival_open_corners, layout_loops_ring, st_stairs_2,
          hangedman_decor_push
D:2:      layout_loops_ring, serial_shops, nicolae_shop_getting_attention,
          basic_altar, serial_bayou_pond_b, serial_bayou_pond_a
D:3:      cheibrodos_fertilizer, layout_basic, mainiacjoe_overflow_alcove_1,
          nicolae_wu_jian_wuxing_cycle, interstate_on_off
D:4:      layout_basic, mainiacjoe_overflow_catwalk_spiral,
          fedhas_altar_decomposition, chequers_serial_rivers_large_a
D:5:      layout_cave_pools, chequers_serial_rivers_micro_b,
          dreamdust_mushroom_princess, uniq_blork_the_orc,
          uniq_crazy_yiuf_cottage
D:6:      layout_basic, evilmike_ruin_ashenzari, nicolae_ru_awakened_eye,
          minmay_temple_entry_sparse_star, uniq_menkaure
D:7:      layout_loops_cross, okawaru_ov_weapons_minmay, uniq_maggie
D:8:      layout_rooms, nicolae_qazlal_general_emergency, lemuel_doored_altar,
          serial_shops, nicolae_shop_window_shopping
D:9:      layout_basic, lemuel_tele_altar, erik_lair_orcish_takeover
Temple:   corrupted_temple

Skill      XL: |  1  2  3  4  5  6  7  8  9 |
---------------+----------------------------+-----
Ranged Weapons | 5 6 7 8 10 11 | 11.0
Fighting       | 3 4 5 6 7 |  7.7
Armour         | 1 2 4 |  4.7
Dodging        | 2 3 |  3.1
Stealth        | |  1.1

Action                     |  1- 3 |  4- 6 |  7- 9 || total
---------------------------+-------+-------+-------++-------
   Fire: Shortbow          |   139 |   257 |   469 ||   865
         Orcbow            |       |       |    22 ||    22
 Invoke: Heroism           |       |       |     1 ||     1
    Use: Scroll            |     1 |     4 |    13 ||    18
         Potion            |       |     1 |     3 ||     4
 Armour: Leather armour    |    25 |     7 |       ||    32
         Ring mail         |       |    66 |    49 ||   115
         Acid dragon scale |       |       |    96 ||    96
  Dodge: Dodged            |    32 |   158 |   217 ||   407

Table legend:
 A = Non-vault XP
 B = Vault XP
 C = Vault XP percentage of total XP
 D = Non-vault monster count
 E = Vault monster count
 F = Vault count percentage of total count
                 A         B        C        D         E       F
            +---------+---------+-------+---------+---------+-------
      Total |    3282 |    1147 |  25.9 |     154 |      33 |  17.6
            +---------+---------+-------+---------+---------+-------
        D:1 |      48 |       4 |   7.7 |      30 |       2 |   6.2
        D:2 |      65 |      16 |  19.8 |      22 |       3 |  12.0
        D:3 |      73 |     151 |  67.4 |      22 |      18 |  45.0
        D:4 |     342 |     355 |  50.9 |      16 |       7 |  30.4
        D:5 |     515 |      99 |  16.1 |      22 |       1 |   4.3
        D:6 |     417 |     157 |  27.4 |      10 |       1 |   9.1
        D:7 |     840 |     365 |  30.3 |      17 |       1 |   5.6
        D:8 |     817 |       0 |   0.0 |      10 |       0 |   0.0
        D:9 |     165 |       0 |   0.0 |       5 |       0 |   0.0
            +---------+---------+-------+---------+---------+-------
